 Dungeon Crawl Stone Soup version 0.27.0-1-g7a089689b8 (webtiles) character file.

Game seed: 7765852008222963012

189 HungrySpirit the Vexing (level 6, -3/46 HPs)
             Began as a Human Arcane Marksman on July 31, 2021.
             Was a Believer of Fedhas.
             Slain by Menkaure (9 damage)
             ... on level 4 of the Dungeon.
             The game lasted 00:04:27 (4179 turns).

HungrySpirit the Vexing (Human Arcane Marksman)     Turns: 4179, Time: 00:04:27

Health: -3/46      AC:  3    Str: 12    XL:     6   Next: 0%
Magic:  7/7        EV: 11    Int: 14    God:    Fedhas [**....]
Gold:   95         SH:  0    Dex: 13    Spells: 6/7 levels left

rFire    . . .     SeeInvis .   h - +0 whip (elec)
rCold    . . .     Faith    .   (no shield)
rNeg     . . .     Spirit   .   i - +0 leather armour
rPois    .         Reflect  .   (no helmet)
rElec    .         Harm     .   (no cloak)
rCorr    .         Rampage  .   (no gloves)
Will     .....                  (no boots)
Stlth    +.........             (no amulet)
HPRegen  0.15/turn              (no ring)
MPRegen  0.10/turn              (no ring)

@: no status effects
A: no striking features
a: Renounce Religion, Wall of Briars


You were on level 4 of the Dungeon.
You worshipped Fedhas.
Fedhas was pleased with you.
You visited 1 branch of the dungeon, and saw 4 of its levels.

You collected 95 gold pieces.

Inventory:

Hand Weapons
 a - a +0 shortbow
 h - a +0 whip of electrocution (weapon)
Missiles
 c - 64 arrows
Armour
 i - a +0 leather armour (worn)
Scrolls
 g - 2 scrolls of teleportation {unknown}
 k - a scroll of enchant armour {unknown}
 l - a scroll of holy word {unknown}
Potions
 b - 2 potions of lignification {unknown}
 d - 2 potions of heal wounds {unknown}
 e - a potion of brilliance {unknown}
 f - 2 potions of curing {unknown}
 j - a potion of ambrosia {unknown}
 m - a potion of resistance {unknown}


   Skills:
 + Level 2.9 Fighting
 - Level 1.5 Short Blades
 * Level 2.6 Maces & Flails
 - Level 2.0 Bows
 + Level 2.5 Armour
 - Level 2.0 Dodging
 - Level 1.0 Spellcasting
 - Level 3.0 Hexes


You had 6 spell levels left.
You knew the following spells:

 Your Spells              Type           Power      Damage    Failure   Level
a - Corona                Hex            10%        N/A       10%         1

Your spell library contained the following spells:

 Spells                   Type           Power      Damage    Failure   Level
 Slow                     Hex            9%         N/A       14%         2
 Inner Flame              Hex/Fire       4%         N/A       47%         3
 Portal Projectile        Hex/Tloc       8%         N/A       47%         3
 Cause Fear               Hex            4%         N/A       67%         4


Dungeon Overview and Level Annotations

Branches:
Dungeon (4/15)
 Temple: D:4-7

Altars:
Fedhas

Shops:
D:2 (

Annotations:
D:3 2 transporters, HungrySpirit's ghost, amateur HuAM
D:4 Menkaure


Message History

Increase (S)trength, (I)ntelligence, or (D)exterity?
You feel stronger.
You start resting.
You are no longer corroded.
You start resting.
An endoplasm comes into view.
An endoplasm is nearby!
You start resting.
HP restored.
Unknown command.
Menkaure, Prince of Dust comes into view.
Menkaure shouts!
You see here 6 gold pieces.
You open the door. You barely miss Menkaure.
Menkaure mumbles some strange words.
Menkaure seems to speed up.
You closely miss Menkaure. Menkaure hits you!
You hit Menkaure.
Menkaure is lightly damaged.
Menkaure casts a spell at you. Pain shoots through your body!
A dart slug comes into view.
You hit Menkaure.
Menkaure is moderately damaged.
Menkaure hits you!!
You hit Menkaure.
Menkaure is heavily damaged.
Menkaure calls on the powers of darkness!
Your body is wracked with pain!
* * * LOW HITPOINT WARNING * * *
The dart slug convulses!
Menkaure points at you and mumbles some strange words.
Pain shoots through your body!
* * * LOW HITPOINT WARNING * * *
You hit Menkaure.
Menkaure is severely damaged.
Menkaure hits you!
You die...
Fedhas appreciates your contribution to the ecosystem.

#..........
...J...... .
#......... ..
#......... ... ###
#......... ...w ..#
#..#.# #.... #.#
##.#.#
#.....#'######.#†#
#.....M@.........#.#
#.........####...#.#
#####.....# #..>#.#
####### #.###.# #.#
#.# #.# #.# #.# #.#
###.###.#####
#............


You could see Menkaure (fast) and a dart slug.

Vanquished Creatures
  A jelly (D:4)
  A howler monkey zombie (D:3)
  Robin (D:3)
  3 gnolls
  An adder (D:4)
  2 worms
  4 dart slugs
  An orc (D:3)
  8 ball pythons
  6 endoplasms
  A giant cockroach (D:1)
  15 goblins
  6 hobgoblins
  6 jackals
  2 quokkas
  11 bats
  3 frilled lizards
  4 kobolds
  4 rats
80 creatures vanquished.

Vanquished Creatures (others)
  6 plants (D:2)
6 creatures vanquished.

Grand Total: 86 creatures vanquished

Notes
Turn   | Place    | Note
-------+----------+-------------------------------------------
     0 | D:1      | HungrySpirit the Human Arcane Marksman began the quest for
                  | the Orb.
     0 | D:1      | Reached XP level 1. HP: 15/15 MP: 2/2
   118 | D:1      | Reached skill level 1 in Armour
   118 | D:1      | Reached XP level 2. HP: 21/21 MP: 3/3
   846 | D:1      | Reached skill level 1 in Short Blades
   846 | D:1      | Reached XP level 3. HP: 23/27 MP: 4/4
  1057 | D:1      | Found a faded altar of an unknown god.
  1086 | D:1      | Became a worshipper of Fedhas Madash
  1086 | D:1      | Reached * piety under Fedhas
  1879 | D:1      | Reached XP level 4. HP: 5/33 MP: 5/5
  2341 | D:2      | Reached skill level 1 in Maces & Flails
  2345 | D:2      | Found Hemei's Antique Weapon Shop.
  2497 | D:2      | Reached ** piety under Fedhas
  3076 | D:3      | Reached XP level 5. HP: 26/39 MP: 6/6
  3295 | D:3      | Found a transporter.
  3304 | D:3      | Noticed HungrySpirit's ghost (amateur HuAM)
  3305 | D:3      | Found a transporter.
  3671 | D:3      | Noticed Robin
  3682 | D:3      | Killed Robin
  4036 | D:4      | Reached XP level 6. HP: 26/46 MP: 7/7
  4171 | D:4      | Noticed Menkaure
  4179 | D:4      | Slain by Menkaure

Illustrated notes

Levels and vault maps discovered:
D:1:      grunt_arrival_lava_bath, layout_basic,
          dreamdust_ecumenical_altar_angels_and_demons
D:2:      cheibrodos_old_hovel, layout_basic, serial_shops, nicolae_square_shop
D:3:      layout_basic, gammafunk_ghost_arena, portal_sewer_entry_e,
          minivault_4, uniq_robin
D:4:      layout_basic, grunt_temple_overflow_bloody_war, uniq_menkaure

Skill      XL: |  1  2  3  4  5 |
---------------+----------------+-----
Armour         | 1 2 |  2.5
Short Blades   | 1 |  1.5
Fighting       | 2 |  2.9
Maces & Flails | 1 2 |  2.6
Bows           | |  2.0
Dodging        | |  2.0
Spellcasting   | |  1.0
Hexes          | |  3.0

Action                   |  1- 3 |  4- 6 || total
-------------------------+-------+-------++-------
Melee: Short sword       |    94 |       ||    94
       Whip              |    14 |   135 ||   149
 Fire: Shortbow          |    28 |       ||    28
 Stab: Sleeping          |     2 |     1 ||     3
Armor: Robe              |    28 |       ||    28
       Leather armour    |       |    25 ||    25
Dodge: Dodged            |    93 |    90 ||   183
